 Dungeon Crawl Stone Soup version 0.30.1-3-gfc49f6343a (webtiles) character file.

Game seed: 9809861742423581845

21171 croobank the Covert (level 12, -5/82 HPs)
             Began as an Octopode Delver on July 28, 2023.
             Was an Initiate of Gozag.
             Slain by a +2 long sword (17 damage)
             ... on level 13 of the Dungeon.
             The game lasted 01:01:57 (15045 turns).

croobank the Covert (Octopode Delver)              Turns: 15045, Time: 01:01:58

Health: -5/82      AC:  1    Str: 12    XL:     12   Next: 87%
Magic:  29/33      EV: 23    Int: 27    God:    Gozag
Gold:   1030       SH:  8    Dex: 22    Spells: 18/27 levels left

rFire   . . .        a - +6 dagger of the Magi {protect, MP+9}
rCold   + . .        B - +0 buckler of Hepliaklqana's Delight {Contam Int+5 Dex+8}
rNeg    . . .        (helmet restricted)
rPois   .            m - amulet of magic regeneration
rElec   .            v - +5 ring of evasion
rCorr   +            P - ring of resist corrosion
SInv    .            T - ring of protection from cold
Will    .....        Y - +6 ring of intelligence
Stlth   ++++++       (no ring)
HPRegen 0.33/turn    (no ring)
MPRegen 0.63/turn    (no ring)
                     (no ring)

%: no passive effects
@: gold aura, studying 2 skills
A: almost no armour, amphibious, 8 rings, camouflage 1, gelatinous body 1,
(nimble swimmer 1), tentacles
a: Renounce Religion, Potion Petition, Call Merchant, Bribe Branch


You were on level 13 of the Dungeon.
You worshipped Gozag.
Gozag was most pleased with you.
You visited 2 branches of the dungeon, and saw 14 of its levels.
You also visited: Ossuary and Bailey.

You collected 2328 gold pieces.
You spent 1145 gold pieces at shops.
You paid 153 gold pieces to Gozag.

Inventory:

Hand Weapons
 a - the +6 dagger of the Magi (weapon) {protect, MP+9}
   (You bought it in a shop on level 6 of the Dungeon)

   MP:        It affects your magic capacity (+9).
 b - a +5 scimitar of flaming
 p - a +0 heavy long sword
 r - a +0 war axe of protection
 x - a +3 dagger of venom
 z - a +4 whip
 G - a +6 flail
 J - a +0 broad axe
 K - a +2 morningstar
Missiles
 q - 22 poisoned darts (quivered)
 F - 12 boomerangs
 U - 2 throwing nets
Armour
 t - an orb of light
 A - an orb of mayhem
 B - the +0 buckler of Hepliaklqana's Delight (worn) {Contam Int+5 Dex+8}
   (You acquired it in a bailey)

   Int:       It affects your intelligence (+5).
   Dex:       It affects your dexterity (+8).
   Contam:    It causes magical contamination when unequipped.
Magical Staves
 c - a staff of death
Jewellery
 m - an amulet of magic regeneration (around mantle)
 v - a +5 ring of evasion (left tentacle)
 P - a ring of resist corrosion (right tentacle)
 T - a ring of protection from cold (on tentacle)
 V - a ring of fire
 Y - a +6 ring of intelligence (on tentacle)
Wands
 e - a wand of flame (2)
 f - a wand of digging (3)
 E - a wand of quicksilver (6)
 Z - a wand of charming (5)
Scrolls
 h - 6 scrolls of teleportation
 k - a scroll of blinking
 s - 2 scrolls of enchant armour
 u - a scroll of amnesia
 C - 2 scrolls of fear
 H - 2 scrolls of immolation
 I - 3 scrolls of noise
 M - 4 scrolls of fog
 N - a scroll of vulnerability
 S - 2 scrolls of poison
 W - 2 scrolls of identify
Potions
 d - 2 potions of flight
 g - 2 potions of mutation
 i - a potion of ambrosia
 j - 5 potions of magic
 l - 5 potions of curing
 n - 3 potions of attraction
 o - 3 potions of brilliance
 w - 3 potions of cancellation
 D - 3 potions of heal wounds
 Q - 2 potions of haste
 R - a potion of might
 X - a potion of berserk rage


   Skills:
 + Level 7.8 Fighting
 - Level 10.0 Short Blades
 + Level 7.5 Dodging
 + Level 12.2 Stealth
 - Level 10.0 Shields
 * Level 8.0 Spellcasting
 + Level 9.4 Summonings
 - Level 1.8 Fire Magic
 + Level 3.3 Poison Magic


You had 18 spell levels left.
You knew the following spells:

 Your Spells              Type           Power      Damage    Failure   Level
a - Summon Small Mammal   Summ           100%       N/A       1%          1
b - Poisonous Vapours     Pois/Air       40%        N/A       4%          2
c - Call Canine Familiar  Summ           58%        N/A       1%          3
d - Summon Guardian Gole  Hex/Summ       36%        N/A       2%          3

Your spell library contained the following spells:

 Spells                   Type           Power      Damage    Failure   Level
 Sting                    Tmut/Pois      80%        1d7       3%          1
 Apportation              Tloc           20%        N/A       7%          1
 Necrotise                Necr           40%        1d6       7%          1
 Shock                    Conj/Air       40%        1d5       7%          1
 Ignite Poison            Fire/Tmut/Pois 20%        N/A       10%         3
 Olgreb's Toxic Radiance  Pois           29%        N/A       17%         4
 Ozocubu's Armour         Ice            10%        N/A       21%         3
 Swiftness                Air            10%        N/A       21%         3
 Vhi's Electric Charge    Tloc/Air       20%        N/A       21%         3
 Sticky Flame             Conj/Fire      15%        2d4       41%         4
 Airstrike                Air            5%         2d(1-17)  54%         4
 Arcjolt                  Conj/Air       5%         1d15      88%         5
 Metabolic Englaciation   Hex/Ice        5%         N/A       88%         5
 Plasma Beam              Fire/Air       7%         2x1d20    100%        6
 Ignition                 Fire           10%        3d5       100%        8
 Simulacrum               Ice/Necr       Unusable   N/A       N/A         6

Dungeon Overview and Level Annotations

Branches:
Dungeon (13/15)            Temple (1/1) D:7            Lair (0/5) D:11
    Orc (0/2) D:11         Vaults (0/5) D:13        Ossuary (visited)
 Bailey (visited)

Altars:
Ashenzari
Cheibriados
Dithmenos
Elyvilon
Fedhas
Gozag
Hepliaklqana
Kikubaaqudgha
Makhleb
Nemelex Xobeh
Okawaru
Qazlal
Ru
Sif Muna
Trog
Uskayaw
Vehumet
Wu Jian
Xom
Yredelemnul
Zin
The Shining One

Shops:
D:3 ?   D:4 (   D:6 (   D:7 **   D:10 *

Annotations:
D:5 1 runed translucent door, Crazy Yiuf


Innate Abilities, Weirdness & Mutations

You cannot wear most types of armour.
You are amphibious.
You can wear up to eight rings at the same time.
Your skin changes colour to match your surroundings (Stealth+).
Your rubbery body absorbs attacks. (AC +1, EV +1)
((You are camouflaged when in or above water. (Stealth+)))
You have tentacles for arms and can constrict up to eight enemies at once.


Message History

You constrict the +6 long sword. The +6 long sword hits you!!
You hit the +6 long sword.
The +6 long sword turns to gold and falls from the air.
Casting: Summon Small Mammal (safe; 1% risk of failure)
Confirm with . or Enter, or press ? or * to list all spells.
A guardian golem appears, shielding your allies.
The +2 long sword hits you!! x2
* * * LOW HITPOINT WARNING * * *
You hit the +2 long sword. Your grab misses the +2 long sword.
The +2 long sword is lightly damaged.
You block the +2 long sword's attack.
You swap places.
The +2 long sword hits your guardian golem! x2
The +2 long sword hits your guardian golem!!
Your guardian golem overheats!
The +2 long sword completely misses your guardian golem.
Casting: Summon Guardian Golem (mildly dangerous; 2% risk of failure)
Confirm with . or Enter, or press ? or * to list all spells.
The +2 long sword hits your guardian golem!
Flame seeps out of your guardian golem.
Casting: Call Canine Familiar (safe; 1% risk of failure)
Confirm with . or Enter, or press ? or * to list all spells.
The +2 long sword hits your guardian golem!
Your guardian golem disappears in a puff of smoke!
Your guardian golem explodes!
The fiery explosion engulfs the +2 long sword.
The +2 long sword resists.
The +2 long sword is engulfed in blazing flames.
Casting: Summon Small Mammal (safe; 1% risk of failure)
Confirm with . or Enter, or press ? or * to list all spells.
A guardian golem appears, shielding your allies.
The +2 long sword is engulfed in blazing flames.
The +2 long sword hits your quokka!
Your quokka dies!
Your quokka's corpse disappears in a puff of smoke!
Your warg closely misses the +2 long sword.
The +2 long sword is engulfed in blazing flames.
The +2 long sword hits you!
You die...
Your body crumbles into a pile of gold.

#<# **,,,,,* ##.##
**,,,,,,,
##...####,,,,,,,,
#.......+,,,,,,,,
#####...####,,,,,,,,
###......## **,,,,,,,
#...####.#### **,,,,,*
#.#.###.....# **,,,**
#....@......# **+**
#...(9h.....# *,*
#...§§.....## *,*
#...§......# **,***
#...§#§#...# **,$,,,
#...##$##..# ***,,,,,*
#...,#∩#,..# *,,,,,,,,
##..*#.#*..#**,**,,*,*
#..,#.#,,..,,,,,,,*,*


You could see a +2 long sword (ally target), a friendly guardian golem
(summoned) and a friendly warg (summoned, sheltered).

Vanquished Creatures
  Erolcha (D:12)
  A dancing weapon (D:13)
  Pikel (D:5)
  A deep elf pyromancer (D:12)
  An ugly thing (D:12)
  A cyclops (D:12)
  An orc sorcerer (Bailey)
  A gargoyle (D:11)
  A kobold demonologist (D:8)
  A tengu conjurer (D:10)
  2 trolls
  A wraith (D:10)
  8 yaks
  5 vampire mosquitoes
  A steam dragon (D:7)
  3 water moccasins
  6 orc warriors
  An ice beast (D:5)
  A phantom (D:5)
  A lemure (D:5)
  4 centaurs
  A kobold brigand (D:8)
  3 bullfrogs
  A gnoll sergeant (D:10)
  2 scorpions
  3 wights (D:8)
  A killer bee (D:10)
  5 electric eels (Bailey)
  4 howler monkeys
  5 hounds
  3 centaur zombies (Ossuary)
  A jelly (D:4)
  5 orc priests
  A sleepcap (D:7)
  7 iguanas
  6 orc wizards
  4 mummies (Ossuary)
  12 gnolls
  6 adders
  2 shadow imps
  2 white imps
  An ufetubus (D:7)
  2 worms (D:3)
  A dart slug (D:5)
  24 orcs
  6 ball pythons
  7 bats
  7 endoplasms
  2 giant cockroaches
  17 goblins
  15 hobgoblins
  3 jackals (D:2)
  9 kobolds
  4 quokkas (D:2)
  5 frilled lizards
  4 hobgoblin zombies (Ossuary)
  11 rats
235 creatures vanquished.

Vanquished Creatures (collateral kills)
  Erica (D:8)
  A two-headed ogre (D:11)
  A manticore (D:12)
  3 unseen horrors
  4 kobold demonologists
  5 yaks
  A vampire (D:12)
  A basilisk (D:12)
  2 vampire mosquitoes (D:11)
  A black bear (D:11)
  2 kobold brigands
  4 orc wizards
  2 gnolls (D:10)
  3 orcs
  A goblin (Bailey)
  A hobgoblin (Bailey)
  8 kobolds
41 creatures vanquished.

Vanquished Creatures (others)
  3 two-headed ogres
  An orc high priest (Bailey)
  2 orc knights (Bailey)
  An elephant (D:11)
  A gargoyle (D:11)
  A basilisk (D:11)
  9 yaks (D:11)
  2 orc warriors (Bailey)
  A kobold brigand (D:9)
  A gnoll sergeant (D:10)
  6 wights
  4 killer bees (D:10)
  A jelly (D:8)
  A gnoll bouda (D:10)
  6 gnolls
  A hobgoblin (Bailey)
  2 kobolds (D:9)
43 creatures vanquished.

Grand Total: 319 creatures vanquished

Notes
Turn   | Place    | Note
-------+----------+-------------------------------------------
     0 | D:5      | croobank the Octopode Delver began the quest for the Orb.
     0 | D:5      | Reached XP level 1. HP: 16/16 MP: 1/1
    28 | D:6      | Noticed an iguana
    35 | D:6      | Killed an iguana
    36 | D:6      | Reached XP level 2. HP: 21/21 MP: 2/2
    36 | D:6      | Reached XP level 3. HP: 26/26 MP: 3/3
    75 | D:6      | Reached skill level 7 in Stealth
    95 | D:6      | Found Haisuare's Weapon Boutique.
   130 | D:6      | Reached XP level 4. HP: 33/33 MP: 4/4
   174 | D:5      | Noticed an ice beast
   233 | D:4      | Reached XP level 5. HP: 37/37 MP: 5/5
   238 | D:4      | Found a blossoming altar of Fedhas.
   243 | D:4      | Found Zaaxin's Weapon Shoppe.
   515 | D:1      | Found a faded altar of an unknown god.
  1739 | D:2      | Reached XP level 6. HP: 21/43 MP: 6/6
  2298 | D:2      | Reached skill level 8 in Stealth
  2652 | D:3      | Found Bonouj's Magic Scroll Emporium.
  2655 | D:3      | Bought a scroll of identify for 22 gold pieces
  2655 | D:3      | Bought a scroll of identify for 22 gold pieces
  2655 | D:3      | Bought a scroll of identify for 22 gold pieces
  3223 | D:4      | Found a burning altar of Makhleb.
  3964 | D:5      | Reached XP level 7. HP: 49/49 MP: 7/7
  4013 | D:5      | Noticed Pikel
  4035 | D:5      | Killed Pikel
  4036 | D:5      | Reached skill level 5 in Fighting
  4036 | D:5      | Reached skill level 9 in Stealth
  4036 | D:5      | Reached XP level 8. HP: 27/56 MP: 8/8
  4184 | D:6      | Reached skill level 5 in Dodging
  4203 | D:5      | Found a runed translucent door.
  4204 | D:5      | Noticed Crazy Yiuf
  4254 | D:5      | Reached skill level 5 in Short Blades
  4817 | D:5      | Reached skill level 10 in Stealth
  5371 | D:6      | Reached skill level 1 in Shields
  5373 | D:6      | Reached XP level 9. HP: 62/62 MP: 9/9
  5672 | D:7      | Found a staircase to the Ecumenical Temple.
  5687 | D:7      | Found a sand-covered staircase.
  5717 | Temple   | Entered the Ecumenical Temple
  5854 | Temple   | Became a worshipper of Gozag Ym Sagoz the Greedy
  5899 | Ossuary  | Entered an ossuary
  6075 | D:7      | Reached skill level 11 in Stealth
  6234 | D:7      | Identified a scroll of acquirement
  6235 | D:7      | Acquired a manual of Short Blades
  6277 | D:7      | Reached skill level 1 in Spellcasting
  6277 | D:7      | Reached skill level 1 in Fire Magic
  6584 | D:7      | Found Pieffoos's Specific Store.
  6584 | D:7      | Found Roots's General Store.
  6858 | D:7      | Found a bloodstained altar of Trog.
  6959 | D:8      | Reached skill level 1 in Summonings
  6997 | D:8      | Reached XP level 10. HP: 71/71 MP: 12/12
  7204 | D:8      | Found a flagged portal.
  7218 | Bailey   | Entered a bailey
  7404 | Bailey   | Reached skill level 5 in Summonings
  7412 | Bailey   | Acquired the +0 buckler of Hepliaklqana's Delight {Contam
                  | Int+5 Dex+8}
  7441 | Bailey   | Learned a level 3 spell: Call Canine Familiar
  7445 | Bailey   | Learned a level 3 spell: Summon Guardian Golem
  7447 | Bailey   | Learned a level 1 spell: Summon Small Mammal
  7571 | Bailey   | Noticed an orc knight
  7593 | Bailey   | Killed an orc knight
  7594 | Bailey   | Reached skill level 5 in Shields
  7674 | Bailey   | Noticed an orc knight
  7691 | Bailey   | Killed an orc knight
  8222 | Bailey   | Noticed an orc high priest
  8228 | Bailey   | Noticed a rust devil
  8236 | Bailey   | Noticed an orc sorcerer
  8248 | Bailey   | Noticed a soul eater
  8268 | Bailey   | Killed an orc high priest
  8524 | Bailey   | Found an iron altar of Okawaru.
  8596 | Bailey   | Noticed an orange demon
  8603 | Bailey   | Killed an orc sorcerer
  8604 | Bailey   | Reached XP level 11. HP: 27/75 MP: 9/14
  9622 | D:8      | Noticed Erica
  9636 | D:8      | Killed Erica
  9768 | D:6      | Bought the +6 dagger of the Magi {protect, MP+9} for 757
                  | gold pieces
  9898 | D:9      | Learned a level 2 spell: Poisonous Vapours
 10710 | D:10     | Entered Level 10 of the Dungeon
 11103 | D:10     | Noticed a two-headed ogre
 11114 | D:10     | Killed a two-headed ogre
 11115 | D:10     | Reached skill level 5 in Spellcasting
 11431 | D:10     | Found Umop's Assorted Antiques.
 11435 | D:10     | Bought a gilded ring for 125 gold pieces
 11435 | D:10     | Bought a scroll of identify for 50 gold pieces
 11435 | D:10     | Bought a yellow potion for 22 gold pieces
 11435 | D:10     | Bought a pearl ring for 125 gold pieces
 11892 | D:10     | Identified the +10 bardiche "Xeackiko" {heavy, rPois rF-
                  | rN+++ MP-9}
 11912 | D:10     | Reached skill level 10 in Shields
 12190 | D:11     | Noticed a two-headed ogre
 12199 | D:11     | Killed a two-headed ogre
 12406 | D:11     | Reached XP level 12. HP: 81/81 MP: 21/21
 12581 | D:11     | Found a staircase to the Lair.
 12772 | D:11     | Reached skill level 10 in Short Blades
 12901 | D:11     | Found a staircase to the Orcish Mines.
 12902 | D:11     | Noticed a two-headed ogre
 12917 | D:11     | Killed a two-headed ogre
 13314 | D:11     | Reached skill level 1 in Poison Magic
 13436 | D:11     | Noticed a two-headed ogre
 13453 | D:11     | Killed a two-headed ogre
 13830 | D:12     | Noticed Erolcha
 13832 | D:12     | Killed Erolcha
 14551 | D:12     | Reached skill level 12 in Stealth
 15021 | D:13     | Found a gate to the Vaults.
 15045 | D:13     | Slain by a +2 long sword

Illustrated notes

Levels and vault maps discovered:
D:1:      lightli_arrival_boilingwater, layout_basic, basic_ecumenical_altar,
          minmay_tree_intersection
D:2:      layout_loops_corners, minmay_between
D:3:      layout_rooms, serial_shops, nicolae_shop_behind_doors
D:4:      layout_layer_cave, makhleb_blood_cavern_becter, fedhas_ov_isle_minmay,
          serial_shops, shop
D:5:      layout_loops_ring, minmay_manual_mullet, uniq_crazy_yiuf_cottage,
          uniq_pikel, uniq_edmund
D:6:      layout_basic, serial_shops, nicolae_shop_bloodbath_and_beyond,
          minmay_fractal_squares_5
D:7:      layout_basic, lightli_temple_of_fire, minmay_temple_entry_large_hall,
          nicolae_ossuary_entry_ruins, nicolae_specific_store
D:8:      layout_cave_pods, enter_bailey_4, minivault_23, uniq_erica
D:9:      layout_roguey
D:10:     minmay_inner_zag, layout_loops_ring, serial_shops, shop
D:11:     layout_stronghold, david_lair_generic, orc_0_dummy
D:12:     layout_loops_ring, uniq_erolcha
D:13:     layout_loops_corners, erik_vaults_1, portal_ice_cave_entry_pillars_2,
          uniq_rupert
Temple:   hellmonk_temple_of_storms

Skill      XL: |  1  2  3  4  5  6  7  8  9 10 11 12 |
---------------+-------------------------------------+-----
Stealth        | 7 8 9 10 11 12 | 12.2
Short Blades   | 3 4 5 6 9 10 | 10.0
Dodging        | 3 4 5 6 7 |  7.5
Fighting       | 4 5 6 7 |  7.8
Shields        | 1 3 8 10 | 10.0
Spellcasting   | 1 2 6 8 |  8.0
Fire Magic     | 1 |  1.8
Summonings     | 2 7 8 9 |  9.4
Poison Magic   | 3 |  3.3

Action                     |  1- 3 |  4- 6 |  7- 9 | 10-12 || total
---------------------------+-------+-------+-------+-------++-------
  Melee: Short sword       |     5 |   148 |    46 |       ||   199
         Tentacles         |     3 |    27 |    73 |    66 ||   169
         Constrict         |     3 |    29 |    33 |    46 ||   111
         Punch             |       |     3 |     5 |     4 ||    12
         Dagger            |       |       |   192 |   246 ||   438
  Throw: Dart              |       |     4 |     4 |     4 ||    12
   Cast: Summon Guardian G |       |       |       |    56 ||    56
         Call Canine Famil |       |       |       |    47 ||    47
         Summon Small Mamm |       |       |       |    38 ||    38
  Evoke: Wand              |       |       |       |    10 ||    10
    Use: Scroll            |       |    12 |    14 |     8 ||    34
         Potion            |       |     1 |     2 |     2 ||     5
   Stab: Sleeping          |     3 |    32 |    25 |    21 ||    81
         Distracted        |       |       |       |     1 ||     1
 Armour: Skin              |       |     5 |     6 |     3 ||    14
  Dodge: Dodged            |     2 |    67 |   157 |   162 ||   388
  Block: Buckler           |       |       |       |    56 ||    56
